Cogmind - Beta 12 @@@ ROGUE MODE // 2023.03.19 @ 13:00:16 Player: Finestep Result: Destroyed by G-47 Trooper with Particle Gun Performance ------------- Evolutions (2) 1000 Regions Visited (8) 1600 Robots Destroyed (199) 995 Value Destroyed (7580) 7580 Prototype IDs (10) 200 Alien Tech Used (0) 0 Bonus (4544) 4544 TOTAL SCORE: 15919 Bonus ------- High Alert Combat Kills 2123 Follower Combat Kills 321 Entered Garrisons 600 Used RIF Installer 1500 Cogmind --------- Core Integrity 0/550 Matter 203/300 Energy 257/280 System Corruption 11% Temperature Cool (6) Movement Rolling (155) Ox4 Location -8/Garrison Parts ------- > --- POWER (1) -------- Cooled Ion Engine > --- PROPULSION (2) --- Compact Wheel Armored Wheel > --- UTILITY (6) ------ Improved Cooling System Huge Storage Unit Improved Core Shielding Improved Core Shielding Medium Reactive Plating Improved Shield Generator > --- WEAPON (2) ------- Enhanced Autogun Flak Gun > --- INVENTORY (25) --- Heavy Ion Engine Armored Huge Wheel Armored Huge Wheel Improved Cooling System Improved Medium Armor Plating Relay Coupler [NC] (41) Relay Coupler [NC] (39) Relay Coupler [Grunt] (35) Relay Coupler [Brawler] (31) Relay Coupler [Sentry] (34) Relay Coupler [Sentry] (21) Relay Coupler [Hunter] (24) Relay Coupler [Heavy] (20) Relay Coupler [Heavy] (13) Enhanced Autogun Flak Gun Precision Grenade Launcher Precision Grenade Launcher Improved Datajack Remote Datajack Remote Datajack Katana Gamma Bomb Trap Peak State ------------ > --- POWER ------------ Cooled Ion Engine > --- PROPULSION ------- Compact Wheel Armored Wheel > --- UTILITY ---------- Improved Cooling System Huge Storage Unit Improved Core Shielding Improved Core Shielding Medium Reactive Plating Improved Shield Generator > --- WEAPON ----------- Enhanced Autogun Enhanced Autogun > --- INVENTORY -------- Heavy Ion Engine Armored Huge Wheel Armored Huge Wheel Improved Cooling System Improved Medium Armor Plating Relay Coupler [NC] Relay Coupler [NC] Relay Coupler [Grunt] Relay Coupler [Brawler] Relay Coupler [Sentry] Relay Coupler [Sentry] Relay Coupler [Hunter] Relay Coupler [Heavy] Relay Coupler [Heavy] Flak Gun Flak Gun Precision Grenade Launcher Precision Grenade Launcher Improved Datajack Remote Datajack Remote Datajack Katana Gamma Bomb Trap [Rating: 46] Favorites ----------- Power Light Nuclear Core Engine Light Ion Engine Power Core Light Nuclear Core Propulsion Light Treads Treads Light Treads Leg Aluminum Leg Wheel Armored Wheel Utility Improved Heat Sink Device Improved Heat Sink Storage Large Storage Unit Processor Transport Network Coupler Hackware Relay Coupler [Grunt] Protection Hardened Light Armor Plating Weapon Advanced Beam Cannon Energy Gun Advanced Beam Rifle Energy Cannon Advanced Beam Cannon Ballistic Gun Enhanced Autogun Ballistic Cannon Light Cannon Launcher Precision Grenade Launcher Special Weapon Mining Laser Slashing Weapon Katana Special Melee Weapon Improved Datajack Build | -11 -10 -9 -9 -9 -8 -8 -8 -8 ------- Run | Jun Mat Mat Sto Gar Mat Gar Mat Gar Slots Evolved 4 | . . 2 . . 2 . . . Power . | . . . . . . . . . Propulsion . | . . . . . . . . . Utility 4 | . . 2 . . 2 . . . Weapon . | . . . . . . . . . Parts Attached 207 | 8 10 23 4 18 76 29 25 14 Power 17 | 1 1 2 2 2 6 2 1 . Engine 12 | 1 1 2 2 2 3 . 1 . Core 5 | . . . . . 3 2 . . Reactor . | . . . . . . . . . Propulsion 32 | 2 3 4 . 9 10 2 2 . Treads 22 | . 3 4 . 8 7 . . . Leg 2 | 2 . . . . . . . . Wheel 8 | . . . . 1 3 2 2 . Hover . | . . . . . . . . . Flight . | . . . . . . . . . Utility 75 | 2 1 9 . 5 31 7 12 8 Device 29 | 1 . 5 . . 12 3 6 2 Storage 6 | 1 1 1 . 1 2 . . . Processor 2 | . . . . . 1 . 1 . Hackware 8 | . . . . . 2 2 2 2 Protection 30 | . . 3 . 4 14 2 3 4 Artifact . | . . . . . . . . . Weapon 83 | 3 5 8 2 2 29 18 10 6 Energy Gun 12 | 3 . . . . 8 1 . . Energy Cannon 8 | . 1 3 1 2 1 . . . Ballistic Gun 29 | . 4 . . . 8 8 6 3 Ballistic Cannon 3 | . . 3 . . . . . . Launcher 11 | . . . . . 8 3 . . Special Weapon 6 | . . 2 1 . 1 . . 2 Impact Weapon . | . . . . . . . . . Slashing Weapon 7 | . . . . . 1 4 2 . Piercing Weapon . | . . . . . . . . . Special Melee Weapon 7 | . . . . . 2 2 2 1 Unidentified Prototypes 5 | . 1 . . . 4 . . . Corrupted Parts 1 | . . . . . 1 . . . System Corruption 1 | . . . . . 1 . . . Parts Lost 27 | . . 1 . 4 21 1 . . Power 4 | . . . . 1 3 . . . Propulsion 2 | . . . . . 2 . . . Utility 13 | . . 1 . 1 10 1 . . Weapon 8 | . . . . 2 6 . . . Highest Loss Streak 7 | . . 1 . 1 7 1 . . To Critical Strikes . | . . . . . . . . . Average Slot Usage (%) 97 | . 99 97 100 99 94 95 99 100 Engine 8 | . 14 11 11 10 5 1 3 9 Core 2 | . . . . . 3 7 5 . Treads 11 | . 24 22 22 18 6 . . . Wheel 7 | . . . . 3 9 15 18 18 Device 20 | . 14 22 22 22 20 26 19 11 Storage 10 | . 14 11 11 11 9 9 9 9 Processor 1 | . . . . . 2 . 6 8 Hackware 2 | . . . . . 4 2 3 11 Protection 12 | . . 8 11 11 16 15 15 13 Energy Gun 2 | . 5 . . . 7 5 . . Energy Cannon 8 | . . 14 21 22 3 . . . Ballistic Gun 6 | . 21 . . . 4 8 16 17 Ballistic Cannon 1 | . . 6 . . . . . . Naked Turns . | . . . . . . . . . Heaviest Build 130 | 13 28 38 42 100 111 127 130 127 Greatest Support 40 | 20 40 40 40 40 40 28 28 28 Greatest Overweight (x) 9 | 1 . . 1 8 8 9 5 4 Average Overweight (x) 2 | . . . . 2 3 4 4 3 Largest Inventory Capacity 25 | 8 15 15 15 25 25 25 25 25 Average Capacity 19 | 7 14 15 15 18 21 25 25 25 Most Carried 25 | 6 15 15 15 25 25 25 25 25 Average Carried 18 | 3 12 14 15 17 20 24 24 24 Final Capacity 25 | 8 15 15 15 25 25 25 25 25 Final Carried 25 | 6 15 15 15 25 25 25 25 25 Class Distribution -------------------- 39% | Scavenger-Mutant 31% | Bothacker-Mutant 28% | Mutant Dominant Class ---------------- Mutant | -10/Materials Scavenger-Mutant | -9/Materials Mutant | -9/Storage Scavenger-Mutant | -9/Garrison Scavenger-Mutant | -8/Materials Bothacker-Mutant | -8/Garrison Bothacker-Mutant | -8/Materials Bothacker-Mutant | -8/Garrison Resources | -11 -10 -9 -9 -9 -8 -8 -8 -8 ----------- Run | Jun Mat Mat Sto Gar Mat Gar Mat Gar Matter Collected 4153 | 280 202 561 60 187 1204 694 300 665 Remotely . | . . . . . . . . . Salvage Created 7434 | 111 358 1522 155 1052 2842 924 131 339 Parts 428 | 8 33 71 6 56 174 56 8 16 Haulers Intercepted 10 | . 1 4 1 . 4 . . . Recyclers Shooed 7 | . 1 3 . . 2 . 1 . Parts Field Recycled . | . . . . . . . . . Retrieved Matter . | . . . . . . . . . Parts Self-Destructed . | . . . . . . . . . Prevented . | . . . . . . . . . Kills | -11 -10 -9 -9 -9 -8 -8 -8 -8 ------- Run | Jun Mat Mat Sto Gar Mat Gar Mat Gar Combat Hostiles Destroyed 152 | . 12 27 2 24 53 25 1 8 Guns 62 | . 12 2 . . 27 12 1 8 Cannons 57 | . . 25 1 24 7 . . . AOE 32 | . . . . . 19 13 . . Classes Destroyed 16 | 2 4 4 . 1 4 1 . . Worker 6 | . . 2 . . 3 . 1 . Builder 8 | . . 2 . . 6 . . . Tunneler 3 | 2 . . . . 1 . . . Hauler 10 | . 1 4 1 . 4 . . . Recycler 10 | 1 . 4 . . 4 . 1 . Mechanic 1 | . . . . . 1 . . . Operator 2 | . . . . . 2 . . . Watcher 8 | . 3 2 . . 3 . . . Swarmer 43 | . 9 6 . 4 10 14 . . Grunt 65 | . 3 16 1 9 25 5 . 6 Brawler 5 | . . . . 3 2 . . . Duelist 7 | . . 1 . 1 5 . . . Protector 1 | . . . . . 1 . . . Sentry 26 | . . 4 1 7 9 5 . . Hunter 1 | . . . . . . 1 . . Programmer 4 | . . . . . 1 . 1 2 Best Kill Streak 8 | 1 4 6 1 5 7 8 3 2 Combat Bots Only 8 | . 3 5 1 5 5 8 1 2 Max Kills in Single Turn 4 | 1 1 2 1 2 4 4 2 1 Gunslinging 1 | . . . . . . 1 . . Exploded 4 | . . . . . 4 4 . . Melee . | . . . . . . . . . Uniques/NPCs Destroyed . | . . . . . . . . . Combat | -11 -10 -9 -9 -9 -8 -8 -8 -8 -------- Run | Jun Mat Mat Sto Gar Mat Gar Mat Gar Damage Taken 6861 | . 322 781 160 1130 3048 704 142 574 Core 779 | . 22 140 8 53 314 103 47 92 Absorbed by Shields 649 | . . 56 . . 179 143 53 218 Redirected to Shielding 34 | . . . . . 20 . . 14 Regen/Repaired (Parts) 41 | . . . . . 41 . . . Core Remaining (%) 80 | 100 91 . . 49 . . . . Volleys Fired 627 | 12 53 124 10 92 224 42 7 63 Largest 2 | 2 2 2 2 2 2 2 2 2 Hottest 136 | 80 80 136 136 136 131 117 56 53 Shots Fired 1105 | 24 105 229 16 177 344 76 13 121 Gun 593 | 24 105 21 . . 248 66 13 116 Cannon 452 | . . 205 12 177 58 . . . Launcher 26 | . . . . . 16 10 . . Special 34 | . . 3 4 . 22 . . 5 Kinetic 424 | . 74 97 . . 90 34 13 116 Thermal 618 | 24 31 132 16 166 217 32 . . Explosive 26 | . . . . . 16 10 . . Electromagnetic 32 | . . . . 11 21 . . . Robot Hit Streak 25 | 7 23 25 5 19 25 13 6 7 Robot Miss Streak 7 | 2 5 7 2 3 4 6 4 7 Penetration Max . | . . . . . . . . . Secondary Targets 4 | . . . . . 2 1 . 1 Max Gunslinging Chain 1 | . . . . . 1 1 . 1 Shots Hit Robots 688 | 16 61 138 8 81 213 85 14 72 Core Hits 321 | 4 26 47 2 25 139 50 7 21 Critical Kills 2 | . . . 1 . . 1 . . Critical Parts Destroyed 2 | . . . . . 1 . . 1 Critical Strikes 18 | . . 1 1 . 10 5 . 1 Burn 11 | . . . . . 9 2 . . Meltdown 1 | . . . 1 . . . . . Destroy 3 | . . . . . 1 1 . 1 Blast 1 | . . 1 . . . . . . Sever 2 | . . . . . . 2 . . Melee Attacks 76 | . . . . . 5 59 10 2 Impact . | . . . . . . . . . Slashing 57 | . . . . . 3 51 3 . Piercing . | . . . . . . . . . Sneak Attacks 8 | . . . . . 2 2 3 1 Combat Hostiles . | . . . . . . . . . Follow-up Attacks . | . . . . . . . . . Damage Inflicted 15656 | 186 557 2606 174 1854 5467 3491 133 1188 Guns 5640 | 186 557 141 . . 2734 701 133 1188 Cannons 5225 | . . 2442 174 1815 794 . . . Explosions 3060 | . . . . 39 1939 1082 . . Melee 1708 | . . . . . . 1708 . . Ramming 23 | . . 23 . . . . . . Kinetic 3792 | . 371 1012 . . 727 361 133 1188 Thermal 6806 | 186 186 1571 174 1729 2620 340 . . Explosive 3021 | . . . . . 1939 1082 . . Electromagnetic 306 | . . . . 125 181 . . . Impact . | . . . . . . . . . Slashing 1708 | . . . . . . 1708 . . Piercing . | . . . . . . . . . Highest Corruption 11 | . 8 . . 1 10 10 10 11 Average Corruption 6 | . 5 . . 1 7 10 10 10 Corruption Purged . | . . . . . . . . . Corruption Blocked . | . . . . . . . . . Effects 212 | . 19 . . 13 73 56 19 32 Message Errors 53 | . 3 . . 8 15 16 1 10 Matter Fused 51 | . 8 . . 2 16 10 6 9 Heat Flow Errors 21 | . 1 . . 1 4 11 2 2 Energy Discharges 25 | . 4 . . 2 11 3 1 4 Parts Rejected 6 | . 1 . . . 2 . 3 . Data Loss (minor) 22 | . 2 . . . 11 3 3 3 Data Loss (major) 8 | . . . . . 4 2 . 2 Misfires 11 | . . . . . 4 5 1 1 Alerts 6 | . . . . . 2 4 . . Misdirections 2 | . . . . . 1 . 1 . Weapon Failures 7 | . . . . . 3 2 1 1 Overload Shots . | . . . . . . . . . Overflow Damage 390 | . . 30 . 19 97 244 . . Projectiles 69 | . . 30 . 19 20 . . . Explosions 193 | . . . . . 77 116 . . Melee 128 | . . . . . . 128 . . Knockbacks 15 | . . 15 . . . . . . Impact . | . . . . . . . . . Kinetic 14 | . . 14 . . . . . . Secondary 1 | . . 1 . . . . . . Self-Inflicted Damage 66 | . . . . . 66 . . . Shots 3 | . . . . . 3 . . . Rammed 3 | . . 3 . . . . . . Targets Rammed 3 | . . 3 . . . . . . Kicked . | . . . . . . . . . Crushed . | . . . . . . . . . Highest Temperature 441 | 108 148 234 180 251 441 241 209 152 Average Temperature 53 | 44 29 38 72 72 69 55 107 25 Received Heat Transfer 2556 | . 60 328 60 366 1362 156 48 176 Effects 1 | . . . . . 1 . . . Shutdowns 1 | . . . . . 1 . . . Siege Activations . | . . . . . . . . . Robots Corrupted . | . . . . . . . . . Combat Hostiles . | . . . . . . . . . Parts Fried . | . . . . . . . . . Impact Corruptions . | . . . . . . . . . Robots Melted 1 | . . . 1 . . . . . Combat Hostiles 1 | . . . 1 . . . . . Parts Melted 25 | 1 1 3 . 6 12 2 . . Heat Transferred 13378 | 425 425 2738 296 2797 5920 777 . . Parts Sabotaged . | . . . . . . . . . Parts Stolen . | . . . . . . . . . Parts Stripped . | . . . . . . . . . Power Chain Reactions 1 | . . . . 1 . . . . Missiles Intercepted . | . . . . . . . . . Alert | -11 -10 -9 -9 -9 -8 -8 -8 -8 ------- Run | Jun Mat Mat Sto Gar Mat Gar Mat Gar Peak Influence 2067 | 15 238 544 314 1283 1526 2067 1007 716 Initial 1007 | . 9 37 209 74 625 991 1007 469 Average 768 | 6 128 361 246 787 995 1539 906 603 Maximum Alert Level 5 | . 1 2 1 4 4 5 3 3 Low Security (%) 11 | 100 72 19 . 7 . . . . Level 1 13 | . 27 30 100 10 . . . . Level 2 29 | . . 50 . 25 24 . 6 99 Level 3 23 | . . . . 42 41 14 93 . Level 4 15 | . . . . 13 33 38 . . Level 5 6 | . . . . . . 47 . . High Security . | . . . . . . . . . Max Security . | . . . . . . . . . Sterilizations 1 | . . . . . 1 . . . Squads Dispatched 20 | . 2 5 1 . 8 . 4 . Investigation 6 | . 1 2 . . 2 . 1 . Extermination . | . . . . . . . . . Reinforcement 9 | . 1 3 1 . 2 . 2 . Assault 5 | . . . . . 4 . 1 . Garrison . | . . . . . . . . . Intercept . | . . . . . . . . . Searches Triggered . | . . . . . . . . . Construction Impeded . | . . . . . . . . . Haulers Reinforced . | . . . . . . . . . Active Scanning Responses . | . . . . . . . . . Cargo Convoy Interrupts . | . . . . . . . . . Alert ID Control Effect 9 | . . . . . . 2 2 5 Stealth | -11 -10 -9 -9 -9 -8 -8 -8 -8 --------- Run | Jun Mat Mat Sto Gar Mat Gar Mat Gar Distress Signals 15 | . 2 5 1 . 5 . 2 . Communications Jammed . | . . . . . . . . . Distress Signals . | . . . . . . . . . Times Spotted 252 | . 17 49 8 27 86 32 13 20 Peak Tracking Total 11 | . 4 5 6 5 9 11 6 3 Tactical Retreats 12 | . . 5 . 2 4 1 . . Traps | -11 -10 -9 -9 -9 -8 -8 -8 -8 ------- Run | Jun Mat Mat Sto Gar Mat Gar Mat Gar Traps Triggered 14 | . 2 1 . 4 . 5 1 1 Indirectly . | . . . . . . . . . Trap Hack Attempts 2 | . . . . . . 2 . . Triggered . | . . . . . . . . . Disarmed 1 | . . . . . . 1 . . Reprogrammed . | . . . . . . . . . Reused . | . . . . . . . . . Traps Extracted . | . . . . . . . . . Installed 1 | . . . . . . 1 . . Triggered . | . . . . . . . . . Most Traps Carried 1 | . . . . . . 1 1 1 Machines | -11 -10 -9 -9 -9 -8 -8 -8 -8 ---------- Run | Jun Mat Mat Sto Gar Mat Gar Mat Gar Machines Disabled 23 | . . 2 . 8 2 7 1 3 Max in Single Turn 2 | . . 1 . 1 1 1 . 2 Garrison Relay 9 | . . . . 4 . 4 . 1 Phase Generator 1 | . . . . . . . . 1 Machines Repaired . | . . . . . . . . . Machines Sabotaged . | . . . . . . . . . Overloaded Fab Kills . | . . . . . . . . . Hacking | -11 -10 -9 -9 -9 -8 -8 -8 -8 --------- Run | Jun Mat Mat Sto Gar Mat Gar Mat Gar Machines Accessed 40 | . 7 10 2 2 11 3 4 1 Terminals 34 | . 6 9 1 2 9 3 3 1 Fabricators . | . . . . . . . . . Repair Stations 1 | . . . . . 1 . . . Recycling Units 2 | . 1 1 . . . . . . Scanalyzers . | . . . . . . . . . Garrison Access 3 | . . . 1 . 1 . 1 . Total Hacks 126 | . 27 29 3 4 39 7 16 1 Successful 52 | . 15 10 1 2 15 2 6 1 Failed 74 | . 12 19 2 2 24 5 10 . Catastrophic 15 | . 2 2 . 1 7 2 1 . Database Lockouts . | . . . . . . . . . Manual 76 | . 17 22 . . 28 . 9 . Terminals 106 | . 24 26 2 4 31 7 11 1 Fabricators . | . . . . . . . . . Repair Stations 4 | . . . . . 4 . . . Recycling Units 6 | . 3 3 . . . . . . Scanalyzers . | . . . . . . . . . Garrison Access 10 | . . . 1 . 4 . 5 . Terminal Hacks 28 | . 10 5 . 2 7 2 1 1 Part Schematic 3 | . 3 . . . . . . . Robot Schematic 1 | . 1 . . . . . . . Robot Analysis 2 | . 2 . . . . . . . Prototype ID Bank 3 | . 3 . . . . . . . Branch Access Points 1 | . . 1 . . . . . . Emergency Access Points 1 | . . . . 1 . . . . Terminal Index 2 | . . 1 . . 1 . . . Unreport Threat 3 | . . . . . 2 . 1 . Locate Traps 3 | . 1 . . . 2 . . . Zone Layout 5 | . . 3 . . 2 . . . Garrison Registry 2 | . . . . 1 . . . 1 Patrol Navigation 1 | . . . . . . 1 . . Security Stations 1 | . . . . . . 1 . . Fabricator Hacks . | . . . . . . . . . Repair Station Hacks . | . . . . . . . . . Recycling Unit Hacks 1 | . 1 . . . . . . . Retrieve Components 1 | . 1 . . . . . . . Scanalyzer . | . . . . . . . . . Garrison Access Hacks 3 | . . . 1 . 1 . 1 . Unlock Access 3 | . . . 1 . 1 . 1 . Unauthorized Hacks 20 | . 4 5 . . 7 . 4 . Terminals 14 | . 3 4 . . 5 . 2 . Track 6 | . 1 3 . . 2 . . . Botnet 5 | . 2 1 . . 1 . 1 . Disrupt 2 | . . . . . 1 . 1 . Operators 1 | . . . . . 1 . . . Fabricators . | . . . . . . . . . Repair Stations 1 | . . . . . 1 . . . Mechanics 1 | . . . . . 1 . . . Recycling Units 2 | . 1 1 . . . . . . Tunnel 2 | . 1 1 . . . . . . Scanalyzers . | . . . . . . . . . Garrison Access 3 | . . . . . 1 . 2 . Restock 2 | . . . . . 1 . 1 . Reprogram 1 | . . . . . . . 1 . Data Cores Recovered . | . . . . . . . . . Used . | . . . . . . . . . Hacking Detections 38 | . 7 10 1 2 10 3 4 1 Full Trace Events 6 | . . . . 1 2 2 1 . Feedback Events 1 | . . . . 1 . . . . Corruption 1 | . . . . 1 . . . . Feedback Blocked . | . . . . . . . . . Robot Schematics Acquired 1 | . 1 . . . . . . . Robots Built . | . . . . . . . . . Authchips . | . . . . . . . . . Time . | . . . . . . . . . Total Robot Build Rating . | . . . . . . . . . Part Schematics Acquired 3 | . 3 . . . . . . . Parts Built . | . . . . . . . . . Authchips . | . . . . . . . . . Time . | . . . . . . . . . Total Part Build Rating . | . . . . . . . . . Parts Repaired . | . . . . . . . . . Time . | . . . . . . . . . Parts Recycled . | . . . . . . . . . Recycled Matter . | . . . . . . . . . Retrieved Matter . | . . . . . . . . . Retrieved Components 3 | . 3 . . . . . . . Parts Scanalyzed . | . . . . . . . . . Part Schematics Acquired . | . . . . . . . . . Parts Damaged . | . . . . . . . . . Bothacking | -11 -10 -9 -9 -9 -8 -8 -8 -8 ------------ Run | Jun Mat Mat Sto Gar Mat Gar Mat Gar Used RIF Installer 3 | . . . . 2 . 1 . . Alert ID Control 1 | . . . . . . 1 . . Program Shield 1 | . . . . 1 . . . . Robots Hacked 13 | . . . . . 1 5 3 4 Non-combat 1 | . . . . . 1 . . . Combat 12 | . . . . . . 5 3 4 Robot Hacks Applied 13 | . . . . . 1 5 3 4 overwrite_iff 5 | . . . . . . 3 . 2 formatsys_low 1 | . . . . . 1 . . . formatsys_high 7 | . . . . . . 2 3 2 Relay Couplers Released 46 | . . . . 15 4 18 4 5 Machine Destruction 38 | . . . . 15 . 18 . 5 Programmers 8 | . . . . . 4 . 4 . Attached 8 | . . . . . 2 2 2 2 Fabnet Peak Effective % . | . . . . . . . . . Robots Rewired . | . . . . . . . . . Allies Hacked . | . . . . . . . . . Hacks Repelled . | . . . . . . . . . Allies | -11 -10 -9 -9 -9 -8 -8 -8 -8 -------- Run | Jun Mat Mat Sto Gar Mat Gar Mat Gar Total Allies 13 | . . . . . 1 5 3 4 Largest Group 2 | . . . . . 1 2 2 2 Highest-Rated Group 37 | . . . . . 15 32 37 32 Highest-Rated Ally 21 | . . . . . 15 16 21 16 Total Orders 2 | . . . . . 1 . 1 . STAY 1 | . . . . . . . 1 . AID 1 | . . . . . 1 . . . Ally Attacks 62 | . . . . . . 22 12 28 Total Damage 839 | . . . . . . 278 133 428 Kills 9 | . . . . . . 2 2 5 Allies Corrupted . | . . . . . . . . . Allies Melted . | . . . . . . . . . Intel | -11 -10 -9 -9 -9 -8 -8 -8 -8 ------- Run | Jun Mat Mat Sto Gar Mat Gar Mat Gar Robot Analysis Total 2 | . 2 . . . . . . . Derelict Logs Recovered . | . . . . . . . . . Drone Launches . | . . . . . . . . . Drone Recoveries . | . . . . . . . . . Exploration | -11 -10 -9 -9 -9 -8 -8 -8 -8 ------------- Run | Jun Mat Mat Sto Gar Mat Gar Mat Gar Turns Passed 11252 | 125 865 2142 400 2090 2603 1540 499 988 Spaces Moved 5357 | 62 427 1010 215 935 1135 763 263 547 Core 4 | 4 . . . . . . . . Treads 2298 | . 367 1010 215 596 110 . . . Legs 118 | 58 60 . . . . . . . Wheels 2937 | . . . . 339 1025 763 263 547 Hover . | . . . . . . . . . Flight . | . . . . . . . . . Fastest Speed 50 | 50 120 160 160 160 115 145 140 140 Average Speed 158 | 116 154 160 162 178 154 154 158 145 Slowest Speed 240 | 120 160 160 240 210 240 225 165 155 Overloaded Moves . | . . . . . . . . . Propulsion Burnouts . | . . . . . . . . . Robots Hopped . | . . . . . . . . . Cave-ins Triggered . | . . . . . . . . . Exploration Rate (%) 52 | 3 71 79 29 76 77 71 24 39 Regions Visited 8 Branch Regions 1 Pre-discovered Areas 2 | . 1 1 . . . . . . Known Exits Taken 4 | . . 1 1 . 1 . 1 . Unknown Exits Taken 2 | 1 1 . . . . . . . Scrap Searched . | . . . . . . . . . Spaces Dug 58 | . . 2 1 . 51 1 3 . Terrain Destroyed 289 | . . 3 4 1 181 24 3 73 Melee 6 | . . . . . 3 . 3 . Projectile 29 | . . 3 4 . 22 . . . AOE 254 | . . . . 1 156 24 . 73 Terrain Rammed . | . . . . . . . . . Walls Destroyed . | . . . . . . . . . Machines Disabled . | . . . . . . . . . Actions | -11 -10 -9 -9 -9 -8 -8 -8 -8 --------- Run | Jun Mat Mat Sto Gar Mat Gar Mat Gar Total 6970 | 87 544 1315 241 1186 1618 979 327 673 Wait 449 | . 31 115 11 107 115 40 9 21 Move 5350 | 61 426 1009 215 934 1134 762 262 547 Hop . | . . . . . . . . . Pick Up 97 | 5 13 15 . 14 25 10 3 12 Fast Attach 63 | 8 5 4 . 3 25 7 9 2 Attach 29 | . . 2 . 2 15 4 2 4 Detach 4 | 1 . . . . 3 . . . Swap 115 | . 5 17 4 13 36 18 14 8 Drop 126 | . 11 26 1 13 36 14 11 14 Fire 627 | 12 53 124 10 92 224 42 7 63 Melee 76 | . . . . . 5 59 10 2 Ram . | . . . . . . . . . Kick . | . . . . . . . . . Crush 3 | . . 3 . . . . . . Escape Stasis 28 | . . . . 8 . 20 . . Rewire . | . . . . . . . . . Trap 3 | . . . . . . 3 . . Miscellaneous . | . . . . . . . . . Route ------- -11/Junkyard -10/Materials (discovered 3 exits: *Mat x2 / [*Min]) -9/Materials (discovered 5 exits: *Mat x2 / *Min x2 / *Sto) -9/Storage -9/Garrison (discovered 3 exits: *Mat x3) -8/Materials (discovered 3 exits: [*Fac x2] / Gar) -8/Garrison (discovered 3 exits: *Mat x3) -8/Materials -8/Garrison (discovered 3 exits: [Fac x3]) History --------- Turn | Location | Event 19 | -11/Junkyard | Discovered new exit (range 15) 126 | -11/Junkyard | Entered Materials 280 | -10/Materials | Discovered new exit (range 11) 306 | -10/Materials | Build established: Mutant 632 | -10/Materials | Discovered new exit (range 6) 756 | -10/Materials | Discovered new exit (range 9) 991 | -10/Materials | Entered another Materials area 991 | -9/Materials | Evolved 2 slots: Utility x2 1199 | -9/Materials | Discovered new exit (range 15) 1646 | -9/Materials | Build established: Scavenger-Mutant 1819 | -9/Materials | Discovered new exit (range 8) 2282 | -9/Materials | Discovered new exit (range 16) 2451 | -9/Materials | Build established: Mutant 2613 | -9/Materials | Identified exit to Mines 2613 | -9/Materials | Identified exit to Storage 2932 | -9/Materials | Discovered new exit (range 9) 3047 | -9/Materials | Build established: Scavenger-Mutant 3133 | -9/Materials | Entered Storage 3533 | -9/Storage | Identified exit to Garrison 3533 | -9/Storage | Entered Garrison 3610 | -9/Garrison | Build established: Mutant 3648 | -9/Garrison | Triggered checkpoint 3684 | -9/Garrison | Garrison Relay disabled 3702 | -9/Garrison | Triggered checkpoint 4369 | -9/Garrison | Discovered new exit (range 7) 4410 | -9/Garrison | Triggered checkpoint 4511 | -9/Garrison | Build established: Scavenger-Mutant 4521 | -9/Garrison | Garrison Relay disabled 4533 | -9/Garrison | Installed Relay Interface Framework 4562 | -9/Garrison | Expanded RIF knowledge: Program Shield 4664 | -9/Garrison | Garrison Relay disabled 4718 | -9/Garrison | Triggered checkpoint 4750 | -9/Garrison | Triggered checkpoint 4866 | -9/Garrison | Discovered new exit (range 67) 4866 | -9/Garrison | Discovered new exit (range 27) 4866 | -9/Garrison | Discovered new exit (range 22) 5528 | -9/Garrison | Garrison Relay disabled 5542 | -9/Garrison | Triggered checkpoint 5589 | -9/Garrison | Core integrity fell below 50% 5623 | -9/Garrison | Entered Materials 5623 | -8/Materials | Evolved 2 slots: Utility x2 5888 | -8/Materials | Identified exit to Garrison 6423 | -8/Materials | First assault squad dispatched 6599 | -8/Materials | Lost 7 parts (1p4u2w) 6928 | -8/Materials | System corruption reached 10% 7265 | -8/Materials | Core integrity fell below 50% 7745 | -8/Materials | Discovered new exit (range 16) 8008 | -8/Materials | Build established: Bothacker-Mutant 8037 | -8/Materials | Sterilization system engaged 8037 | -8/Materials | Non-combat units ordered to evacuate 8137 | -8/Materials | Combat units ordered to evacuate 8147 | -8/Materials | Discovered new exit (range 13) 8226 | -8/Materials | Entered Garrison 8286 | -8/Garrison | Triggered checkpoint 8309 | -8/Garrison | Expanded RIF knowledge: Alert ID Control 8338 | -8/Garrison | Garrison Relay disabled 8434 | -8/Garrison | Triggered checkpoint 8479 | -8/Garrison | Destroyed 8 combat bots 8484 | -8/Garrison | Triggered checkpoint 8554 | -8/Garrison | Discovered new exit (range 10) 8586 | -8/Garrison | Triggered checkpoint 8652 | -8/Garrison | Garrison Relay disabled 9070 | -8/Garrison | Triggered checkpoint 9078 | -8/Garrison | Garrison Relay disabled 9242 | -8/Garrison | Discovered new exit (range 15) 9430 | -8/Garrison | Discovered new exit (range 8) 9488 | -8/Garrison | Triggered checkpoint 9526 | -8/Garrison | Garrison Relay disabled 9694 | -8/Garrison | Learned Materials security intel 9766 | -8/Garrison | Entered Materials 10166 | -8/Materials | First assault squad dispatched 10171 | -8/Materials | Identified exit to Garrison 10194 | -8/Materials | Core integrity fell below 20% 10265 | -8/Materials | Entered Garrison 10265 | -8/Garrison | Accompanied by 1 ally 10360 | -8/Garrison | Triggered checkpoint 10397 | -8/Garrison | Garrison Relay disabled 10599 | -8/Garrison | Phase Generator disabled 10719 | -8/Garrison | Discovered new exit (range 73) 10719 | -8/Garrison | Discovered new exit (range 30) 10719 | -8/Garrison | Discovered new exit (range 62) 10777 | -8/Garrison | Triggered checkpoint 10814 | -8/Garrison | Triggered checkpoint 10882 | -8/Garrison | Triggered checkpoint 11253 | -8/Garrison | Destroyed by G-47 Trooper with Particle Gun Last Messages --------------- 11066_ Dropped Relay Coupler [Sentry]. 11066_ Acquired Relay Coupler [Sentry]. 11074_ Discarded Relay Coupler [Sentry]. 11077_ Acquired Relay Coupler [Hunter]. 11081_ Dropped Imp. Shield Generator. 11082_ Acquired Relay Coupler [Sentry]. 11094_ Dropped Lrg. Storage Unit. 11095_ Acquired Relay Coupler [Heavy]. 11143_ System corrupted: Energy discharge (-106). 11144_ Acquired 44 matter. 11162_ System corrupted: Matter fused (-7). 11169_ Acquired 73 matter. 11193_ System corrupted: Component data lost. 11208_ System corrupted: Substantial component data lost. 11223_ Dropped Imp. Medium Armor Plating. 11223_ Acquired Imp. Core Shielding. 11226_ Discarded Transport Network Coupler. 11227_ Acquired Imp. Core Shielding. 11248_ G-47 Trooper destroyed. 11253_ System corrupted: Flak Gun jammed. Map ----- +----------------------------------------------------+ | ?????# #?????????????????# #????????????# #?? | | ?????# ################### #????????????## #?? | | ?????# #????????????# ##?? | | ?????# #????????????######?? | | ?????# ######################???????????????????? | | ?????# #????????????????????????????????????????? | | ?????# #????????????????????????????????????????? | | ?????# #????????????????????????????????????????? | | ?????# #????????????????????????????????????????? | | ###### #????????????????????????????????????????? | | ## #???????#####???????#####????????????????? | | ## ##??????# #???????# #????????????????? | | ^ ########"""######### #????????????????? | | ^ ^^ T#????????????????? | | ^ ^^ ####"##????????????????? | | ## ############# ##??# #????????????????? | | ## ###????????#"""""#??####????????????????? | | " #????????#######??????????????????????? | | ! " #?????????????????????????????????????? | | = = " #?????????????????????????????????????? | | [ " #?????????????????????????????????????? | | ## ###?????????????????????????#######?????? | | ## #???????????#######?????????#"""""#?????? | | #############!!!!!###########" "#?????? | | ! "#?????? | | ### ### ##### @]##### ##### "#?????? | | ## #?# #?# #???###g###???# #???#"""""#?????? | | ## #?# #?# #?????# #?????# #???#######?????? | | ##### #?# #?# #?????# #?????# #???????????????? | | #???# #?# #?# #?????# #?????# #???????????????? | | #???# #?# ### ##???## ##???## ##??????????????? | | ##???# #?# ## #???# #???# #??????????????? | | ?????# ### ##"""#####"""#####"""##########?????? | | ?????# ^^ ^^ #?????? | | ?????# ^^ ^^ #?????? | | ?????# ^^ ^^ #?????? | | ?????# ####### ############T### #### < #?????? | | ?????# #?????# #??????????###?# #??# #?????? | | ?????# #???### ###????????????# #??#####?????? | | ?????# #???#"" ""#????????????# #????????????? | | ?????# #???#" "#######??????# #????????????? | | ?????# #???#" " #??????# #????????????? | | ?????# #???#"" "##### #??????# #????????????? | | ?????# #???#"""""""""#???# #??????# #????????????? | | ?????# #???#### ### ##???# #??????# #????????????? | | ?????# #?????## #?# ##???# #??????# #????????????? | | ?????# #??#### ### ##### ####???# #?#######????? | | ?????# #### ## ## ## ## ## ## ##### ### """"#????? | | ?????# ^ "#????? | | ?????# #### ##### ##### ##### ##### ### """"#????? | +----------------------------------------------------+ Best States ------------- Heat Dissipation 73 Energy Generation 15 Energy Capacity 280 Matter Stores 300 Matter Capacity 300 Sight Range 16 Terrain Scan Density 10 Armor Coverage 450 Resistance: KI 30 Resistance: EM 15 Core Shielding 30 Evasion (%) 55 Recoil Reduction 2 Relay Coupler Types 2 Relay Coupler Value 32 Item Schematics ----------------- Hcp. Storage Unit | -10/Materials | Hacked Huge Storage Unit | -10/Materials | Hacked Cargo Storage Unit | -10/Materials | Hacked Robot Schematics ------------------ O-16 Technician | -10/Materials | Hacked Fabricated ------------ Nothing Alien Tech Used ----------------- None Achievements -------------- None Challenges ------------ None Game ------ Seed ImpactRelayGreatsword Manual? 0 Play Time 01:16:04 Cumulative 636.2 hours Start 2023.03.17 @ 22:11:51 End 2023.03.19 @ 13:00:16 Sessions 8 Manual Loads 0 Difficulty Rogue Special Mode None Game No. 397 Rogue 397 Adventurer 0 Explorer 0 Win Type - Total 8 Types 5/0/1/1/1/0/0/0/0 Lore% 86 Gallery% 89 Achievement% 74 Wizard Run 0 Options --------- ASCII 0 Keyboard 0 Movement Mouse Keybinds 1 Fullscreen 2 Font 24/Smallcaps Map View 68x50 Tactical HUD 1 Map Filters NONE Filters NONE Steam 1 RUN: aab7743a-0d0f-44d8-8e4e-38d2e75bcd63